 Dungeon Crawl Stone Soup version 0.29-a0-866-g0545e20025 (webtiles) character file.

Game seed: 17117433765867907597

318 Goodini51 the Slasher (level 6, -14/48 HPs)
             Began as a Human Fighter on July 17, 2022.
             Demolished by an ogre
             ... wielding a +0 giant club
              (24 damage)
             ... on level 4 of the Dungeon.
             The game lasted 00:09:45 (4480 turns).

Goodini51 the Slasher (Human Fighter)               Turns: 4480, Time: 00:09:46

Health: -14/48     AC: 11    Str: 18    XL:     6   Next: 74%
Magic:  6/6        EV:  5    Int:  9    God:
Gold:   311        SH:  4    Dex: 12    Spells: 5/5 levels left

rFire   . . .      SeeInvis .   a - +0 long sword
rCold   . . .      Faith    .   c - +0 buckler
rNeg    . . .      Spirit   .   l - +0 plate armour
rPois   .          Reflect  .   (no helmet)
rElec   .          Harm     .   (no cloak)
rCorr   .          Rampage  .   (no gloves)
Will    .....                   (no boots)
Stlth   ..........              (no amulet)
HPRegen 0.16/turn               (no ring)
MPRegen 0.10/turn               (no ring)

@: no status effects
A: no striking features
a: no special abilities


You were on level 4 of the Dungeon.
You visited 1 branch of the dungeon, and saw 4 of its levels.

You collected 311 gold pieces.

Inventory:

Hand Weapons
 a - a +0 long sword (weapon)
Armour
 c - a +0 buckler (worn)
 l - a +0 plate armour (worn)
Jewellery
 j - a ring of ice
Scrolls
 g - 6 scrolls of identify {unknown}
 i - a scroll of noise {unknown}
 m - a scroll of poison {unknown}
 o - a scroll of acquirement {unknown}
 q - a scroll of vulnerability {unknown}
Potions
 b - a potion of flight {unknown}
 d - a potion of might
 e - 4 potions of haste
 f - 3 potions of curing {unknown}
 h - 2 potions of heal wounds {unknown}
 k - a potion of cancellation {unknown}
 n - a potion of lignification {unknown}
 p - 2 potions of degeneration {unknown}
 r - a potion of ambrosia {unknown}


   Skills:
 + Level 4.0 Fighting
 * Level 4.8 Long Blades
 * Level 4.1 Armour
 + Level 0.4 Dodging
 + Level 3.5 Shields


You had 5 spell levels left.
You didn't know any spells.
Your spell library contained the following spells:

 Spells                   Type           Power      Damage    Failure   Level
 Poisonous Vapours        Pois/Air       0%         N/A       100%        2
 Corpse Rot               Necr/Pois/Air  0%         N/A       100%        4


Dungeon Overview and Level Annotations

Branches:
Dungeon (4/15)
 Temple: D:4-7

Altars:
Ashenzari
Gozag
Hepliaklqana

Shops:
D:1 [


Message History

You hit the orc.
The orc is severely wounded.
The orc hits you but does no damage.
You hit the orc.
You kill the orc!
You slash the orc!
You kill the orc!
You closely miss the orc. You block the orc's attack.
The orc barely misses you.
You barely miss the orc. The orc barely misses you.
You slash the orc!
You kill the orc!
No target in view!
Items here: )))) [[.
Items here: )))) [[.
You now have 311 gold pieces (gained 12).
A goblin comes into view. It is wielding a +0 club.
The goblin shouts!
You hear a shout!
You closely miss the goblin. The goblin hits you but does no damage.
You closely miss the goblin.
An ogre comes into view. It is wielding a +0 giant club.
The goblin hits you but does no damage. The goblin barely misses you.
You miss the goblin. The goblin hits you but does no damage.
You slash the goblin!
You kill the goblin!
You block the ogre's attack.
You see here a +0 club.
You hit the ogre.
The ogre is lightly wounded.
The ogre hits you with a +0 giant club!!
You hit the ogre.
The ogre is lightly wounded.
You hit the ogre.
The ogre is moderately wounded.
The ogre hits you with a +0 giant club!!
* * * LOW HITPOINT WARNING * * *
The ogre attacks as you move away!
The ogre hits you with a +0 giant club!!
Ouch! That really hurt!
You die...

#.# ... #.# . #.#
#.# .###.# #.#
....# #.# #..# #.#
#..## #.#
###...############
#.#
#....O@..........#
#.#
#.#.#.##########.#
#.# #.#.# #.####.#
#)#.# #.#....#
#.#.# #.#.####
#.#.# #.#.# #
#...# #.#.####
..#.# #.....##
#.#.# ###)#.##


You could see an ogre.

Vanquished Creatures
  A vampire bat (D:3)
  Robin (D:2)
  6 gnolls
  9 adders
  2 worms
  2 dart slugs
  11 orcs
  14 bats
  4 endoplasms
  4 giant cockroaches
  17 hobgoblins
  5 jackals
  10 ball pythons
  2 frilled lizards (D:2)
  16 goblins
  3 kobolds
  3 rats
110 creatures vanquished.

Notes
Turn   | Place    | Note
-------+----------+-------------------------------------------
     0 | D:1      | Goodini51 the Human Fighter began the quest for the Orb.
     0 | D:1      | Reached XP level 1. HP: 18/18 MP: 1/1
   448 | D:1      | Reached XP level 2. HP: 24/24 MP: 2/2
   645 | D:1      | Reached XP level 3. HP: 14/29 MP: 3/3
  1140 | D:1      | Found Wyiddun's Antique Armour Boutique.
  1204 | D:1      | Reached XP level 4. HP: 35/35 MP: 4/4
  1415 | D:2      | Found a faded altar of an unknown god.
  1483 | D:2      | Noticed Robin
  1501 | D:2      | Killed Robin
  2027 | D:2      | Reached XP level 5. HP: 41/41 MP: 5/5
  2045 | D:2      | Found a broken altar of Ashenzari.
  3005 | D:3      | Reached XP level 6. HP: 47/47 MP: 6/6
  3574 | D:3      | Found an opulent altar of Gozag.
  4045 | D:4      | Found a hazy altar of Hepliaklqana.
  4468 | D:4      | Noticed an ogre
  4480 | D:4      | Demolished by an ogre

Illustrated notes

Levels and vault maps discovered:
D:1:      lemuel_arrival_funnel, layout_loops_ring, serial_shops, shop,
          minmay_surrounded
D:2:      layout_loops_corners, ebering_ecumenical_altar_rust, basic_altar,
          minmay_misc_feat_ornament, uniq_robin
D:3:      layout_basic, grunt_gozag_breadcrumbs, roderic_batcave,
          minmay_snake_closets
D:4:      layout_loops_ring, nzn_hepliaklqana_mist_gate,
          lemuel_zombie_altar_yredelemnul, kennysheep_diamond, hex_tiny,
          nicolae_shop_firing_range

Skill      XL: |  1  2  3  4  5  6 |
---------------+-------------------+-----
Long Blades    | 3 4 |  4.8
Armour         | 4 |  4.1
Fighting       | 4 |  4.0
Dodging        | |  0.4
Shields        | |  3.5

Action                   |  1- 3 |  4- 6 || total
-------------------------+-------+-------++-------
Melee: Long sword        |    95 |   353 ||   448
Armor: Scale mail        |    40 |     3 ||    43
       Plate armour      |       |   274 ||   274
Dodge: Dodged            |    45 |   100 ||   145
Block: Buckler           |    27 |    87 ||   114

Table legend: (Time is in decaauts)
 A = Elapsed time spent in this place.
 B = Non-inter-level travel time spent in this place.
 C = Inter-level travel time spent in this place.
 D = Time resting spent in this place.
 E = Time spent auto-exploring this place.
 F = Levels seen in this place.
 G = Mean time per level.
                   A        B        C        D        E       F      G
               +--------+--------+--------+--------+--------+-----+--------+
         Total |   4593 |   4470 |    123 |    620 |   2772 |   4 | 1148.2 |
       Dungeon |   4593 |   4470 |    123 |    620 |   2772 |   4 | 1148.2 |
               +--------+--------+--------+--------+--------+-----+--------+

Top non-repeatable levels by time:
     D:3: 1426 daAuts
     D:1: 1366 daAuts
     D:2: 1270 daAuts
     D:4: 529 daAuts
